 Dungeon Crawl Stone Soup version 0.22-a0-396-g3f858e3 (webtiles) character file.

379 Dobeq the Shield-Bearer (level 6, 0/55 HPs)
             Began as a Minotaur Fighter on May 3, 2018.
             Was a Follower of Okawaru.
             Succumbed to Sigmund's poison
             ... on level 3 of the Dungeon.
             The game lasted 00:07:36 (1898 turns).

Dobeq the Shield-Bearer (Minotaur Fighter)          Turns: 1898, Time: 00:07:37

Health: 0/55       AC:  7    Str: 27 (28) XL:     6   Next: 45%
Magic:  5/5        EV:  9    Int:  2 (5)  God:    Okawaru [*.....]
Gold:   140        SH: 10    Dex:  8 (9)  Spells: 5/5 levels left

rFire    . . .     SeeInvis .   q - +2 short sword (flame)
rCold    . . .     Gourm    .   c - +0 shield
rNeg     . . .     Faith    .   b - +0 scale mail
rPois    .         Spirit   .   (helmet restricted)
rElec    .         Reflect  .   (no cloak)
rCorr    .         Harm     .   (no gloves)
MR       .....                  (no boots)
Stlth    ..........             (no amulet)
HPRegen  0.18/turn              (no ring)
MPRegen  0.09/turn              (no ring)

@: mighty, lethally poisoned (0 -> -19), berserk cooldown, very slightly
contaminated, slowed, invisible, very slow
A: retaliatory headbutt, horns 2
a: Heroism, Renounce Religion


You were on level 3 of the Dungeon.
You worshipped Okawaru.
Okawaru was aware of your devotion.
You were not hungry.

You visited 1 branch of the dungeon, and saw 3 of its levels.

You collected 140 gold pieces.

Inventory:

Hand Weapons
 a - a +0 war axe
 m - a +4 quarterstaff of chaos
 n - a +2 short sword of draining
 q - a +2 short sword of flaming (weapon)
Armour
 b - a +0 scale mail (worn)
 c - a +0 shield (worn)
 p - a +0 scale mail
Scrolls
 h - 4 scrolls of remove curse {unknown}
 j - a scroll of magic mapping {unknown}
 o - a scroll of teleportation {unknown}
 r - a scroll of enchant weapon {unknown}
 t - a scroll of identify {unknown}
Potions
 d - 2 potions of might
 e - a potion of berserk rage
 g - a potion of invisibility
Comestibles
 f - 6 rations
 l - 13 chunks of flesh


   Skills:
 + Level 4.8 Fighting
 + Level 1.2 Short Blades
 + Level 4.7 Axes
 + Level 4.4 Armour
 + Level 1.9 Dodging
 + Level 5.8 Shields


You had 5 spell levels left.
You didn't know any spells.

Dungeon Overview and Level Annotations

Branches:
Dungeon (3/15)

Altars:
Elyvilon
Hepliaklqana
Makhleb
Okawaru
The Shining One


Innate Abilities, Weirdness & Mutations

You reflexively headbutt those who attack you in melee.
You have a pair of horns on your head.


Message History

It was a potion of invisibility.
You fade into invisibility!
* * * LOW HITPOINT WARNING * * *
You feel very sick.
You are very lightly contaminated with residual magic.
It was a potion of degeneration.
There was something very wrong with that liquid.
You feel weakened.
You feel dopey.
You feel clumsy.
* * * LOW HITPOINT WARNING * * *
You feel very sick.
As you read the scroll labeled IXKOFIV VIXI, it crumbles to dust.
The air around you briefly surges with heat, but it dissipates.
It was a scroll of immolation.
* * * LOW HITPOINT WARNING * * *
You feel very sick.
Blink to where?
Press: ? - help, Dir - move target cursor
As you read the scroll labeled XAITUG BENILUU, it crumbles to dust.
It was a scroll of blinking.
You die...

............# .#
............##.###
............##...###
....##.###'##......#
....##.#....((.....#
.........#.##).....#
.........#.##......#
#..[÷....#>##).....#
+...........+...@..#
#........####§.....#
#........####......#
#..........##...$..#
#.......##.#########
##+##......#
#......# #......#
#......#####


There were no monsters in sight!

Vanquished Creatures
  Sigmund (D:3)
  A sky beast (D:3)
  Crazy Yiuf (D:2)
  Terence (D:3)
  An adder (D:2)
  A dart slug (D:3)
  4 leopard geckos
  6 orcs (D:3)
  4 giant cockroaches
  5 goblins
  6 hobgoblins
  3 jackals (D:3)
  A quokka (D:2)
  8 bats
  3 frilled lizards
  2 kobolds (D:3)
  13 rats (D:1)
61 creatures vanquished.

Notes
Turn   | Place    | Note
-------+----------+-------------------------------------------
     0 | D:1      | Dobeq the Minotaur Fighter began the quest for the Orb.
     0 | D:1      | Reached XP level 1. HP: 19/19 MP: 0/0
    24 | D:1      | Reached XP level 2. HP: 26/27 MP: 1/1
   179 | D:1      | Reached skill level 4 in Shields
   825 | D:2      | Found a runed door.
   914 | D:2      | Reached XP level 3. HP: 33/33 MP: 2/2
  1069 | D:2      | Found an iron altar of Okawaru.
  1070 | D:2      | Found a white marble altar of Elyvilon.
  1072 | D:2      | Became a worshipper of Warmaster Okawaru
  1074 | D:2      | Found a hazy altar of Hepliaklqana.
  1074 | D:2      | Found a glowing golden altar of the Shining One.
  1075 | D:2      | Found a burning altar of Makhleb.
  1484 | D:2      | Noticed Crazy Yiuf
  1492 | D:2      | Killed Crazy Yiuf
  1492 | D:2      | Reached XP level 4. HP: 32/40 MP: 3/3
  1539 | D:3      | Noticed a sky beast
  1565 | D:3      | Killed a sky beast
  1565 | D:3      | Reached * piety under Okawaru
  1565 | D:3      | Reached skill level 1 in Dodging
  1565 | D:3      | Reached skill level 5 in Shields
  1565 | D:3      | Reached XP level 5. HP: 47/47 MP: 4/4
  1770 | D:3      | Noticed Terence
  1784 | D:3      | Killed Terence
  1876 | D:3      | Noticed Sigmund
  1891 | D:3      | Killed Sigmund
  1891 | D:3      | Reached skill level 1 in Short Blades
  1891 | D:3      | Reached XP level 6. HP: 23/55 MP: 5/5
  1897 | D:3      | HP: 2/55 [poisoned by Sigmund]
  1898 | D:3      | Succumbed to Sigmund's poison

Vault maps used:
D:1:      erik_arrival_orb_chamber
D:2:      minmay_door_path, minitemple, uniq_crazy_yiuf_cottage
D:3:      first_ration, uniq_sigmund, uniq_terence

Skill      XL: |  1  2  3  4  5 |
---------------+----------------+-----
Fighting       | 4 |  4.8
Shields        | 4 5 |  5.8
Axes           | 3 4 |  4.7
Armour         | 4 |  4.4
Dodging        | 1 |  1.9
Short Blades   | 1 |  1.2

Action                   |  1- 3 |  4- 6 || total
-------------------------+-------+-------++-------
Melee: War axe           |    98 |    15 ||   113
       Headbutt          |    12 |     6 ||    18
       Short sword       |       |    44 ||    44
  Use: Potion            |       |     4 ||     4
       Scroll            |       |     2 ||     2
  Eat: Chunk             |     2 |     1 ||     3
Armor: Scale mail        |    45 |    41 ||    86
Dodge: Dodged            |    30 |    23 ||    53
Block: Shield            |    57 |    41 ||    98

Table legend:
 A = Spawn XP
 B = Non-spawn XP
 C = Spawn XP percentage of total XP
 D = Spawn monster count
 E = Non-spawn monster count
 F = Spawn count percentage of total count
 G = Total turns spent on level
                    A         B        C        D         E        F      G
               +---------+---------+-------+---------+---------+-------+---------
         Total |       0 |     542 |   0.0 |       0 |      61 |   0.0 |  1898
               +---------+---------+-------+---------+---------+-------+---------
           D:1 |       0 |      34 |   0.0 |       0 |      24 |   0.0 |   741
           D:2 |       0 |      79 |   0.0 |       0 |      16 |   0.0 |   779
           D:3 |       0 |     429 |   0.0 |       0 |      21 |   0.0 |   378
               +---------+---------+-------+---------+---------+-------+---------
